 Dungeon Crawl Stone Soup version 0.28.0-43-g3370ac3207 (webtiles) character file.

Game seed: 10580676856994005049

71614 pkoi the Stormcaller (level 14, -7/107 HPs)
             Began as a Purple Draconian Air Elementalist on Mar 16, 2022.
             Was a High Priest of Sif Muna.
             Mangled by an ice devil (23 damage)
             ... summoned by Frances
             ... on level 12 of the Dungeon.
             The game lasted 01:02:00 (41678 turns).

pkoi the Stormcaller (DrAE)                        Turns: 41678, Time: 01:02:00

Health: -7/107     AC: 15    Str: 12    XL:     14   Next: 98%
Magic:  20/39      EV: 14    Int: 25    God:    Sif Muna [*****.]
Gold:   1768       SH:  0    Dex: 11    Spells: 3/36 levels left

rFire   . . .      SeeInvis .   v - +3 dagger (venom)
rCold   . . .      Faith    .   (no shield)
rNeg    . . .      Spirit   .   (armour unavailable)
rPois   +          Reflect  .   d - +3 hat of Pondering {ponderous, Will+ MP+10 Int+5}
rElec   .          Harm     .   S - +1 cloak {rCorr}
rCorr   +          Rampage  .   u - +0 pair of gloves
Will    +++..                   a - +0 pair of boots
Stlth   ++........              g - amulet of the acrobat
HPRegen 0.27/turn               b - ring of poison resistance
MPRegen 0.26/turn               R - ring of wizardry

@: slowed, very slow
A: breathe power, AC +8, unfitting armour, cold-blooded
a: Breathe Dispelling Energy, Renounce Religion, Channel Magic, Forget Spell,
Divine Exegesis


You were on level 12 of the Dungeon.
You worshipped Sif Muna.
Sif Muna was extremely pleased with you.
You visited 5 branches of the dungeon, and saw 23 of its levels.

You collected 1784 gold pieces.
You spent 16 gold pieces at shops.

Inventory:

Hand Weapons
 v - a +3 dagger of venom (weapon)
 C - a +2 short sword of electrocution
Missiles
 x - 55 poisoned darts
 H - 13 curare-tipped darts
Armour
 a - a +0 pair of boots (worn)
 c - an orb of guile
 d - the +3 hat of Pondering (worn) {ponderous, Will+ MP+10 Int+5}
   (You took it off Gastronok on level 2 of the Lair of Beasts)

   Int:       It affects your intelligence (+5).
   MP:        It affects your magic capacity (+10).
   Will:      It increases your willpower.
 u - a +0 pair of gloves (worn)
 S - a +1 cloak of preservation (worn)
Magical Staves
 r - a staff of conjuration
Jewellery
 b - a ring of poison resistance (left hand)
 f - a ring of fire
 g - an amulet of the acrobat (around neck)
 i - a ring of positive energy
 E - a +4 ring of protection
 I - a +6 ring of strength
 L - a ring of ice
 R - a ring of wizardry (right hand)
Wands
 q - a wand of polymorph (8)
 y - a wand of digging (16)
 A - a wand of iceblast (22)
 B - a wand of charming (10)
 J - a wand of flame (34)
 N - a wand of acid (1)
Scrolls
 e - 2 scrolls of brand weapon
 k - 3 scrolls of teleportation
 l - 2 scrolls of blinking
 m - 2 scrolls of holy word
 p - 4 scrolls of fog
 w - 4 scrolls of enchant armour
 z - 2 scrolls of immolation
 F - a scroll of amnesia
 G - 2 scrolls of enchant weapon
 P - 3 scrolls of fear
 T - 2 scrolls of identify
Potions
 h - a potion of berserk rage
 j - 10 potions of curing
 n - 4 potions of heal wounds
 o - a potion of invisibility
 s - a potion of brilliance
 t - 3 potions of resistance
 D - 4 potions of flight
 K - 3 potions of haste
 O - a potion of ambrosia
 Q - 2 potions of might
 U - a potion of cancellation


   Skills:
 - Level 5.0 Fighting
 - Level 6.1 Dodging
 - Level 1.7 Stealth
 - Level 7.6 Unarmed Combat
 + Level 11.8 Spellcasting
 + Level 5.5 Conjurations
 + Level 4.7 Translocations
 + Level 9.2 Transmutations
 - Level 6.0 Fire Magic
 - Level 15.0 Air Magic
 - Level 9.0 Poison Magic
 - Level 7.0 Invocations


You had 3 spell levels left.
You knew the following spells:

 Your Spells              Type           Power      Damage    Failure   Level
a - Shock                 Conj/Air       100%       1d9       1%          1
b - Swiftness             Air            74%        N/A       1%          3
c - Airstrike             Air            37%        N/A       1%          4
d - Blink                 Tloc           76%        N/A       1%          2
e - Ignite Poison         Fire/Tmut/Pois 53%        N/A       1%          3
f - Olgreb's Toxic Radia  Pois           56%        N/A       1%          4
g - Iskenderun's Mystic   Conj/Tloc      40%        2d9       1%          4
h - Manifold Assault      Tloc           38%        N/A       6%          5
i - Storm Form            Tmut/Air       33%        N/A       10%         7

Your spell library contained the following spells:

 Spells                   Type           Power      Damage    Failure   Level
 Animate Skeleton         Necr           28%        N/A       1%          1
 Magic Dart               Conj           100%       1d8       1%          1
 Pain                     Necr           56%        1d6       1%          1
 Static Discharge         Conj/Air       60%        N/A       1%          2
 Conjure Flame            Conj/Fire      43%        6-21      1%          3
 Dazzling Flash           Conj/Hex       56%        N/A       1%          3
 Gell's Gravitas          Tloc           38%        N/A       1%          3
 Lesser Beckoning         Tloc           38%        N/A       1%          3
 Mephitic Cloud           Conj/Pois/Air  59%        N/A       1%          3
 Teleport Other           Tloc           38%        N/A       1%          3
 Call Imp                 Summ           14%        N/A       2%          2
 Sublimation of Blood     Necr           14%        N/A       2%          2
 Vampiric Draining        Necr           14%        2d7       4%          3
 Sticky Flame             Conj/Fire      43%        2d6       1%          4
 Blade Hands              Tmut           28%        N/A       1%          5
 Petrify                  Tmut/Erth      37%        N/A       2%          4
 Irradiate                Conj/Tmut      25%        3d22      2%          5
 Fireball                 Conj/Fire      21%        3d10      4%          5
 Animate Dead             Necr           7%         N/A       16%         4
 Dispel Undead            Necr           14%        3d10      16%         4
 Starburst                Conj/Fire      21%        6d7       24%         6
 Borgnjor's Vile Clutch   Necr/Erth      7%         N/A       41%         5
 Iron Shot                Conj/Erth      14%        9d4       58%         6
 Death Channel            Necr           7%         N/A       91%         6
 Ozocubu's Refrigeration  Ice            7%         4d6       100%        7
 Borgnjor's Revivificati  Necr           7%         N/A       100%        8
 Ignition                 Fire           22%        3d8       100%        8
 Necromutation            Tmut/Necr      18%        N/A       100%        8
 Death's Door             Necr           7%         N/A       100%        9
 Animate Armour           Summ/Erth      Unusable   N/A       N/A         4

Dungeon Overview and Level Annotations

Branches:
Dungeon (12/15)            Temple (1/1) D:7            Lair (6/6) D:8
  Swamp (3/4) Lair:3        Snake (1/4) Lair:3        Slime (0/5) Lair:5
    Orc (0/2) D:9

Altars:
Ashenzari
Cheibriados
Dithmenos
Elyvilon
Fedhas
Gozag
Makhleb
Nemelex Xobeh
Okawaru
Qazlal
Ru
Sif Muna
Trog
Uskayaw
Vehumet
Wu Jian
Xom
Yredelemnul
Zin
The Shining One
Jiyva

Shops:
D:10 (   D:11 *   Snake:1 =:=

Annotations:
D:8 1 runed translucent door
D:12 Frances
Lair:6 3 runed translucent doors, reversiblehash's ghost, journeyman MiFi
Swamp:3 Aizul; Roxanne


Innate Abilities, Weirdness & Mutations

You can breathe bolts of dispelling energy.
Your rich purple scales are hard. (AC +8)
You cannot fit into any form of body armour.
You are cold-blooded and may be slowed by cold attacks.


Message History

Frances seems to burn from within.
Frances is heavily wounded.
The yak seems to burn from within!!
You kill the yak!
Sif Muna accepts your kill.
Frances is poisoned.
Frances runs a finger over her scar.
Frances barely misses you.
Frances hits you from afar with a +0 glaive.
* * * LOW HITPOINT WARNING * * *
The ice devil hits you but does no damage.
Unknown command.
Casting: Ignite Poison (safe; 1% risk of failure)
Confirm with . or Enter, or press ? or * to list all spells.
You ignite the poison in your surroundings!
Frances seems to burn from within!!
Frances is severely wounded.
Frances is poisoned.
Your toxic aura wanes.
The ynoxinul barely misses you.
Frances hits you from afar with a +0 glaive.
* * * LOW HITPOINT WARNING * * *
The ice devil hits you!
* * * LOW HITPOINT WARNING * * *
The ice devil freezes you!!
* * * LOW HITPOINT WARNING * * *
Frances chants phrases taken from a devil's mouth.
Frances hits you but does no damage. The ice devil completely misses you.
The ynoxinul gestures at you. The iron shot hits you!
* * * LOW HITPOINT WARNING * * *
Casting: Ignite Poison (safe; 1% risk of failure)
Confirm with . or Enter, or press ? or * to list all spells.
You ignite the poison in your surroundings!
Frances seems to burn from within.
Frances is severely wounded.
Frances completely misses you. The ice devil hits you!
* * * LOW HITPOINT WARNING * * *
The ice devil freezes you!!
You feel yourself slow down.
You die...

#..#############
...........#...#......#
...........#...#......#
...........#...#......#
#..........#...#......#
#..........#...#......#.
#..........#...#........
#....<...........†......
#..............†@.....#
############...34@......
#......# #####..4.....
#......# ########.
#......# #......#
#......# #......#
#......#


You could see Frances (fast), an ice devil (summoned), a ynoxinul (summoned) and
a chaos spawn (summoned).

Vanquished Creatures
  Kirke (Lair:5)
  Gastronok (Lair:2)
  2 eleionomae
  Fannar (Lair:3)
  A naga warrior (Snake:1)
  An ogre mage (D:10)
  5 boulder beetles
  2 hydras
  2 catoblepae (Lair:5)
  5 alligators
  A centaur warrior (D:10)
  A two-headed ogre (D:10)
  A death yak (Lair:2)
  An orc high priest (D:9)
  Urug (Lair:3)
  10 spriggans
  Sonja (Lair:3)
  5 goliath frogs
  A death drake (Swamp:3)
  2 spriggan druids
  5 swamp dragons
  2 bog bodies
  A deep elf pyromancer (D:10)
  3 ugly things
  3 will-o-the-wisps
  2 cyclopes
  Maurice (D:11)
  6 black mambas
  10 elephants
  A torpor snail (Lair:2)
  9 cane toads
  A kobold demonologist (D:12)
  An unseen horror (D:10)
  2 rime drakes
  A tengu conjurer (D:10)
  8 komodo dragons
  A meliai (D:10)
  2 queen bees (shapeshifter)
  4 polar bears
  4 bloated husks (Swamp:2)
  8 hornets
  3 trolls
  8 blink frogs
  3 tyrant leeches
  7 dream sheep (Lair:5)
  A slime creature (D:10)
  2 shadows
  A vampire (D:11)
  A centaur simulacrum (D:10)
  A wraith (D:10)
  2 wyverns
  3 hogs (Lair:5)
  48 yaks
  9 basilisks
  2 vampire mosquitoes (D:11)
  5 humans (D:6)
  Menkaure (D:7)
  2 steam dragons (Lair:6)
  A warg (Lair:6)
  2 nagas
  5 swamp worms
  2 acid dragons
  A hell hound (Lair:6)
  15 water moccasins
  2 swamp drakes
  2 orc warriors (D:9)
  An ice beast (D:7)
  7 black bears
  6 centaurs
  6 necrophages
  12 wolves
  2 phantoms (D:5)
  12 bullfrogs
  7 kobold brigands
  2 gnoll sergeants (D:10)
  7 scorpions
  A water moccasin zombie (D:5)
  9 wights (D:10)
  7 killer bees
  A howler monkey (D:5)
  An electric eel (D:7)
  A centaur zombie (D:10)
  A bullfrog zombie (D:5)
  9 jellies
  7 orc priests
  3 hounds
  2 bullfrog skeletons (D:5)
  2 centaur skeletons
  11 orc wizards
  3 iguanas
  A hound zombie (D:5)
  2 howler monkey zombies
  7 adders
  4 gnolls
  A shadow imp (D:5)
  3 ufetubi
  12 dart slugs
  26 orcs
  3 endoplasms
  2 giant cockroaches
  10 goblins
  8 hobgoblins
  10 jackals
  19 kobolds
  2 quokkas (D:4)
  3 ball pythons
  8 bats
  3 frilled lizards
  A quokka skeleton (D:4)
  5 rats
499 creatures vanquished.

Vanquished Creatures (collateral kills)
  2 wolves (Lair:3)
  2 electric eels (D:7)
  An iguana (D:7)
  2 dart slugs (D:7)
7 creatures vanquished.

Vanquished Creatures (others)
  A black mamba (Snake:1)
  A bloated husk (Swamp:3)
  A bush (Lair:4)
  8 foxfires
  67 fungi
  78 plants
156 creatures vanquished.

Grand Total: 662 creatures vanquished

Notes
Turn   | Place    | Note
-------+----------+-------------------------------------------
     0 | D:1      | pkoi the Draconian Air Elementalist began the quest for the
                  | Orb.
     0 | D:1      | Reached XP level 1. HP: 14/14 MP: 3/3
   499 | D:1      | Reached XP level 2. HP: 20/20 MP: 0/5
   812 | D:1      | Reached skill level 4 in Air Magic
  1015 | D:1      | Found a faded altar of an unknown god.
  1046 | D:1      | Reached XP level 3. HP: 26/26 MP: 3/6
  2446 | D:3      | Reached XP level 4. HP: 7/33 MP: 0/7
  2826 | D:3      | Learned a level 3 spell: Swiftness
  2931 | D:3      | Reached skill level 5 in Air Magic
  3489 | D:3      | Found a shadowy altar of Dithmenos.
  3499 | D:3      | Found a glowing silver altar of Zin.
  3611 | D:3      | Found a burning altar of Makhleb.
  3703 | D:3      | Found a sparkling altar of Nemelex Xobeh.
  4149 | D:4      | Noticed a scorpion
  4160 | D:4      | Killed a scorpion
  4161 | D:4      | Reached skill level 6 in Air Magic
  4161 | D:4      | Reached XP level 5. HP: 20/38 MP: 2/8
  4896 | D:4      | Reached skill level 7 in Air Magic
  4896 | D:4      | Reached XP level 6. HP: 30/45 MP: 1/9
  5713 | D:5      | Entered Level 5 of the Dungeon
  5783 | D:5      | Learned a level 4 spell: Airstrike
  6221 | D:5      | Reached skill level 8 in Air Magic
  6221 | D:5      | Your scales start taking on a rich purple colour.
  6221 | D:5      | Reached XP level 7. HP: 50/50 MP: 5/10
  6939 | D:5      | Reached skill level 9 in Air Magic
  7264 | D:5      | Reached XP level 8. HP: 57/57 MP: 0/11
  7366 | D:5      | Reached skill level 10 in Air Magic
  7631 | D:5      | Reached skill level 11 in Air Magic
  8448 | D:6      | Reached skill level 12 in Air Magic
  8606 | D:6      | Reached XP level 9. HP: 60/62 MP: 7/12
  9386 | D:6      | Found a radiant altar of Vehumet.
  9872 | D:6      | Reached skill level 13 in Air Magic
 11411 | D:7      | Found a broken altar of Ashenzari.
 11496 | D:7      | Reached skill level 14 in Air Magic
 11740 | D:7      | Found a staircase to the Ecumenical Temple.
 11749 | Temple   | Entered the Ecumenical Temple
 11774 | Temple   | Became a worshipper of Sif Muna the Loreminder
 11919 | D:7      | Noticed Menkaure
 11921 | D:7      | Killed Menkaure
 12081 | D:7      | Identified the +5 hunting sling of Yredelemnul's Regard
                  | {venom, *Slow Will+ Dex+8}
 12885 | D:8      | Noticed a cyan ugly thing
 12986 | D:8      | Noticed a sixfirhy
 12987 | D:8      | Found a runed translucent door.
 13247 | D:8      | Learned a level 2 spell: Blink
 13490 | D:8      | Reached XP level 10. HP: 69/69 MP: 4/13
 13570 | D:8      | Found a staircase to the Lair.
 14222 | Lair:1   | Entered Level 1 of the Lair of Beasts
 14501 | Lair:1   | Learned a level 3 spell: Ignite Poison
 14723 | Lair:1   | Reached skill level 1 in Transmutations
 14723 | Lair:1   | Reached skill level 1 in Fire Magic
 14857 | Lair:1   | Reached skill level 1 in Translocations
 14857 | Lair:1   | Reached skill level 1 in Poison Magic
 15206 | Lair:1   | Noticed a cane toad
 15283 | Lair:1   | Killed a cane toad
 15708 | Lair:2   | Noticed a black mamba
 15711 | Lair:2   | Killed a black mamba
 16045 | Lair:2   | Noticed Gastronok
 16046 | Lair:2   | You fall into a shaft and drop 1 floor!
 16061 | Lair:3   | Found a staircase to the Snake Pit.
 16471 | Lair:3   | Reached skill level 15 in Air Magic
 17001 | Lair:3   | Noticed a cane toad
 17041 | Lair:3   | Killed a cane toad
 17421 | Lair:3   | Noticed Fannar
 17421 | Lair:3   | Noticed a cane toad
 17433 | Lair:3   | Killed a cane toad
 17587 | Lair:3   | Found a staircase to the Swamp.
 17599 | Lair:3   | Reached XP level 11. HP: 36/74 MP: 9/17
 18031 | Lair:3   | Reached skill level 5 in Spellcasting
 18031 | Lair:3   | Noticed Urug
 18240 | Lair:2   | Reached * piety under Sif Muna
 18437 | Lair:2   | Learned a level 4 spell: Olgreb's Toxic Radiance
 18483 | Lair:2   | Noticed an eight-headed hydra
 18540 | Lair:2   | Killed Gastronok
 18927 | Lair:2   | Killed an eight-headed hydra
 18928 | Lair:2   | Reached skill level 5 in Poison Magic
 19121 | Lair:2   | Noticed a death yak
 19134 | Lair:2   | Killed a death yak
 19867 | Lair:3   | Noticed a boulder beetle
 19874 | Lair:3   | Killed a boulder beetle
 20174 | Lair:3   | Killed Urug
 20175 | Lair:3   | Reached skill level 1 in Unarmed Combat
 20531 | Lair:3   | Noticed Sonja
 20533 | Lair:3   | Killed Sonja
 20642 | Lair:3   | Noticed a seven-headed hydra
 20648 | Lair:3   | Killed a seven-headed hydra
 21046 | Lair:3   | Killed Fannar
 21873 | Lair:4   | Reached XP level 12. HP: 81/81 MP: 21/24
 22980 | Lair:4   | Reached skill level 5 in Fire Magic
 23202 | Lair:4   | Reached skill level 5 in Transmutations
 23215 | Lair:4   | Noticed a boulder beetle
 23226 | Lair:4   | Killed a boulder beetle
 23534 | Lair:4   | Reached ** piety under Sif Muna
 24469 | Lair:5   | Found a staircase to the Slime Pits.
 24469 | Lair:5   | Found a viscous altar of Jiyva.
 24637 | Lair:5   | Noticed a catoblepas
 24646 | Lair:5   | Killed a catoblepas
 25394 | Lair:5   | Reached skill level 5 in Unarmed Combat
 25600 | Lair:5   | Noticed Kirke
 25609 | Lair:5   | Killed Kirke
 25610 | Lair:5   | Reached skill level 1 in Fighting
 25610 | Lair:5   | Reached skill level 1 in Invocations
 25610 | Lair:5   | Reached XP level 13. HP: 80/89 MP: 8/26
 25836 | Lair:5   | Identified the +1 chain mail of Muorrayp {Fly}
 26467 | Lair:6   | Entered Level 6 of the Lair of Beasts
 26555 | Lair:6   | Found a runed translucent gate.
 27042 | Lair:6   | Reached *** piety under Sif Muna
 28248 | Lair:6   | Found a runed translucent gate.
 28248 | Lair:6   | Found a runed translucent gate.
 28248 | Lair:6   | Noticed reversiblehash's ghost (journeyman MiFi)
 29576 | D:8      | Reached skill level 10 in Spellcasting
 29690 | D:8      | Found a hide-covered altar of Uskayaw.
 30725 | D:9      | Reached **** piety under Sif Muna
 31495 | D:9      | Found a staircase to the Orcish Mines.
 31587 | D:10     | Entered Level 10 of the Dungeon
 31589 | D:10     | Found Qezud's Weapon Boutique.
 31865 | D:10     | Found a snail-covered altar of Cheibriados.
 32228 | D:10     | Reached skill level 5 in Dodging
 32651 | D:10     | Reached XP level 14. HP: 56/105 MP: 9/28
 32964 | D:10     | Reached skill level 5 in Fighting
 33638 | D:10     | Reached skill level 5 in Invocations
 34158 | D:11     | Found Ilethoe's General Store.
 34166 | D:11     | Bought a potion of degeneration for 16 gold pieces
 34277 | D:11     | Noticed Maurice
 34281 | D:11     | Killed Maurice
 34369 | D:11     | Learned a level 4 spell: Iskenderun's Mystic Blast
 34920 | Swamp:1  | Entered Level 1 of the Swamp
 35152 | Swamp:1  | Reached ***** piety under Sif Muna
 38684 | Swamp:3  | Reached skill level 5 in Conjurations
 39271 | Swamp:3  | Noticed Aizul
 39548 | Swamp:3  | Noticed Roxanne
 39871 | Snake:1  | Entered Level 1 of the Snake Pit
 39875 | Snake:1  | Found Yter Amemal's Jewellery Boutique.
 39875 | Snake:1  | Found Egufunag's Book Emporium.
 39876 | Snake:1  | Found Rec Quwk's Jewellery Boutique.
 40020 | Snake:1  | Received a gift from Sif Muna
 40140 | Snake:1  | Learned a level 5 spell: Manifold Assault
 40148 | Snake:1  | Learned a level 7 spell: Storm Form
 40320 | Snake:1  | HP: 1/107 [naga sharpshooter/bolt (15)]
 41594 | D:12     | Identified the +1 robe "Ixkusoaq" {rElec rPois rC- MP+9}
 41669 | D:12     | Noticed Frances
 41678 | D:12     | Mangled by an ice devil

Illustrated notes

Levels and vault maps discovered:
D:1:      psy_arrival_conway, layout_basic, shapermc_ecumenical_altar_venn
D:2:      layout_loops_cross, kennysheep_path_1
D:3:      layout_loops_ring, lightli_temple_of_fire, zin_treasury,
          mainiacjoe_overflow_alcove_1, lemuel_doored_altar
D:4:      old_forge, layout_loops_cross, chequers_serial_rivers_room_b,
          minmay_misc_feat_square
D:5:      minmay_polygon_palace, layout_loops_ring
D:6:      nicolae_cairo_tiling_large, layout_loops_cross, kennysheep_mini_moat,
          minmay_ruffians
D:7:      kennysheep_slugbush, layout_basic, nicolae_ashenzari_skybound,
          minmay_temple_entry_slanted, serial_rivers,
          chequers_serial_rivers_micro_b, chequers_serial_rivers_room_b,
          chequers_serial_rivers_large_a, chequers_serial_rivers_small_a,
          chequers_serial_rivers_small_3, chequers_serial_rivers_micro_b,
          uniq_menkaure
D:8:      cheibrodos_shockbox, layout_cave_pods, nicolae_uskayaw_dance_studio,
          lair_entry_dummy
D:9:      layout_cross, orc_0_dummy, wad_scary_box
D:10:     hangedman_cross_veins, layout_small_grid, cheibriados_altar_1,
          serial_shops, nicolae_shop_bloodbath_and_beyond, eino_curves_03
D:11:     layout_loops_ring, serial_shops, nicolae_square_shop, uniq_maurice
D:12:     layout_grid_maze, uniq_frances
Temple:   eino_temple_lava
Lair:1:   layout_roguey
Lair:2:   layout_misc_corridors, uniq_gastronok
Lair:3:   layout_chaotic_city, minmay_swamp_entry_reptiles,
          guppyfry_snake_entry_island, serial_bayou_shore_b, lemuel_fruit_tree,
          uniq_urug, uniq_sonja, uniq_fannar
Lair:4:   layout_loops_ring, lemuel_fruit_fields
Lair:5:   layout_small_grid, slime_altar_1, uniq_kirke
Lair:6:   hangedman_lair_caniforms_friends, layout_long_grid,
          guppyfry_lair_end_dragon, gammafunk_ghost_necromancy
Swamp:1:  layout_basic_swamp, infiniplex_staircase_pool, swamp_pool2
Swamp:2:  layout_basic_swamp, hangedman_swamp_ruin_wall, swamp_pool1
Swamp:3:  layout_basic_swamp, nicolae_swamp_dense_foliage, uniq_roxanne,
          uniq_aizul
Snake:1:  layout_misc_corridors, special_room, minmay_shop_grove,
          grunt_megastairs_1

Skill      XL: |  1  2  3  4  5  6  7  8  9 10 11 12 13 14 |
---------------+-------------------------------------------+-----
Air Magic      | 4 6 7 8 9 12 14 15 | 15.0
Transmutations | 3 4 6 7 9 |  9.2
Fire Magic     | 3 4 6 |  6.0
Translocations | 3 4 |  4.7
Poison Magic   | 3 6 9 |  9.0
Spellcasting   | 4 8 9 10 11 | 11.8
Conjurations   | 2 3 5 |  5.5
Unarmed Combat | 2 5 6 7 |  7.6
Dodging        | 3 5 6 |  6.1
Fighting       | 1 4 5 |  5.0
Invocations    | 1 4 7 |  7.0
Stealth        | |  1.7

Action                   |  1- 3 |  4- 6 |  7- 9 | 10-12 | 13-15 || total
-------------------------+-------+-------+-------+-------+-------++-------
Melee: Whip              |    31 |    38 |       |       |       ||    69
       Tailslap          |     4 |     7 |    16 |    23 |    20 ||    70
       Punch             |     1 |     1 |     1 |     2 |     5 ||    10
       Rapier            |       |       |    71 |       |       ||    71
       Short sword       |       |       |    35 |     3 |       ||    38
       Dagger            |       |       |       |   110 |    71 ||   181
       Unarmed           |       |       |       |       |    23 ||    23
 Cast: Shock             |    80 |   117 |   201 |       |       ||   398
       Airstrike         |       |       |    46 |   175 |   271 ||   492
       Blink             |       |       |       |     2 |       ||     2
       Ignite Poison     |       |       |       |    34 |    77 ||   111
       Olgreb's Toxic Ra |       |       |       |    14 |    91 ||   105
       Manifold Assault  |       |       |       |       |     1 ||     1
       Storm Form        |       |       |       |       |     1 ||     1
 Abil: Breathe Dispellin |       |       |     4 |       |       ||     4
Evoke: Wand              |       |     1 |       |    11 |       ||    12
  Use: Scroll            |       |       |    19 |     5 |     6 ||    30
       Potion            |       |       |       |       |     4 ||     4
 Stab: Sleeping          |       |       |       |     1 |       ||     1
Armor: Skin              |    11 |    29 |    83 |    86 |    92 ||   301
Dodge: Dodged            |    33 |    54 |   134 |   157 |   176 ||   554
